 Dungeon Crawl Stone Soup version 0.21.1-1-g345015f (webtiles) character file.

4711 inc the Destroyer (level 10, -4/57 HPs)
             Began as an Octopode Earth Elementalist on Mar 16, 2018.
             Was an Initiate of Gozag.
             Slain by a death yak (10 damage)
             ... on level 9 of the Dungeon.
             The game lasted 00:20:41 (9424 turns).

inc the Destroyer (Octopode Earth Elementalist)     Turns: 9424, Time: 00:20:42

Health: -4/57      AC: 10    Str: 11 (12) XL:     10   Next: 45%
Magic:  5/21       EV: 13    Int: 20 (21) God:    Gozag
Gold:   641        SH:  7    Dex: 12 (13) Spells: 17/24 levels left

rFire    . . .     SeeInvis +   M - +0 flail (protect)
rCold    . . .     Gourm    .   B - +1 buckler
rNeg     + . .     Faith    .   (helmet restricted)
rPois    +         Spirit   .   E - +2 amulet of reflection
rElec    .         Reflect  +   j - ring of poison resistance
rCorr    .         Harm     .   p - +3 ring of protection
MR       .....                  q - ring of positive energy
Stlth    +++.......             y - ring of see invisible
HPRegen  0.19/turn              (no ring)
MPRegen  0.17/turn              (no ring)
                                (no ring)
                                (no ring)

@: mighty, icy armour, slow
A: almost no armour, stealthy swim, amphibious, 8 rings, constrict 8, camouflage
1, gelatinous body 1
a: Potion Petition, Call Merchant, Bribe Branch, Renounce Religion


You were on level 9 of the Dungeon.
You worshipped Gozag.
Gozag was pleased with you.
You were not hungry.

You visited 2 branches of the dungeon, and saw 10 of its levels.

You collected 1258 gold pieces.
You spent 103 gold pieces at shops.
You paid 514 gold pieces to Gozag.

Inventory:

Hand Weapons
 M - a +0 flail of protection (weapon)
Missiles
 b - 95 stones (quivered)
Armour
 B - a +1 buckler (worn)
Jewellery
 f - an uncursed amulet of faith
 j - a ring of poison resistance (left tentacle)
 p - a +3 ring of protection (right tentacle)
 q - a ring of positive energy (on tentacle)
 y - a ring of see invisible (on tentacle)
 E - a +2 amulet of reflection (around mantle)
 F - an uncursed ring of loudness
 K - a cursed ring of teleportation {unknown}
Wands
 J - a wand of iceblast (5)
Scrolls
 e - a scroll of magic mapping
 g - a scroll of fog
 i - 3 scrolls of enchant weapon
 l - 3 scrolls of random uselessness {unknown}
 m - 2 scrolls of enchant armour
 o - 2 scrolls of remove curse
 r - 4 scrolls of amnesia {unknown}
 s - 2 scrolls of fear {unknown}
 t - a scroll of blinking
 w - 3 scrolls of identify
 x - a scroll of noise {unknown}
 A - 6 scrolls of teleportation {unknown}
 L - a scroll of immolation {unknown}
Potions
 a - 2 potions of cancellation
 h - a potion of brilliance
 n - 2 potions of lignification
 z - 2 potions of haste
 C - a potion of resistance
 G - a potion of degeneration
 H - a potion of heal wounds {unknown}
 I - a potion of curing
Books
 d - a book of Geomancy

   Spells                             Type                      Level
   a - Sandblast                      Earth                        1
   b - Passwall                       Transmutation/Earth          2
   c - Stone Arrow                    Conjuration/Earth            3
   d - Petrify                        Transmutation/Earth          4
   e - Lee's Rapid Deconstruction     Earth                        5
 u - a book of Dreams

   Spells                             Type                      Level
   a - Ensorcelled Hibernation        Hexes/Ice                    2
   b - Borgnjor's Vile Clutch         Necromancy/Earth             5
   c - Silence                        Hexes/Air                    5
   d - Darkness                       Hexes                        6
   e - Shadow Creatures               Summoning                    6
 v - a book of Frost

   Spells                             Type                      Level
   a - Freeze                         Ice                          1
   b - Throw Frost                    Conjuration/Ice              2
   c - Ozocubu's Armour               Charms/Ice                   3
   d - Throw Icicle                   Conjuration/Ice              4
   e - Summon Ice Beast               Ice/Summoning                4
 D - a book of Cantrips

   Spells                             Type                      Level
   a - Confusing Touch                Hexes                        1
   b - Animate Skeleton               Necromancy                   1
   c - Summon Small Mammal            Summoning                    1
   d - Apportation                    Translocation                1
Comestibles
 c - 13 rations


   Skills:
 - Level 0.3 Fighting
 - Level 2.0 Dodging
 - Level 2.6 Stealth
 - Level 2.5 Shields
 - Level 7.7 Spellcasting
 + Level 9.5 Conjurations
 - Level 3.0 Charms
   Level 1.0 Transmutations
 - Level 3.0 Ice Magic
 - Level 6.8 Earth Magic


You had 17 spell levels left.
You knew the following spells:

 Your Spells              Type           Power        Failure   Level  Hunger
a - Sandblast             Erth           #####.       1%          1    None
b - Stone Arrow           Conj/Erth      #####.       1%          3    None
c - Ozocubu's Armour      Chrm/Ice       ###.....     9%          3    None


Dungeon Overview and Level Annotations

Branches:
Dungeon (9/15)             Temple (1/1) D:5
   Lair: D:8-11         Orc: D:9-12

Altars:
Ashenzari
Cheibriados
Dithmenos
Elyvilon
Fedhas
Gozag
Hepliaklqana
Kikubaaqudgha
Makhleb
Nemelex Xobeh
Okawaru
Qazlal
Ru
Sif Muna
Trog
Vehumet
Wu Jian
Xom
Yredelemnul
Zin
The Shining One

Shops:
D:4 [   D:8 =

Annotations:
D:9 azzavlup's ghost, novice HOBe


Innate Abilities, Weirdness & Mutations

You cannot wear most types of armour.
You are very stealthy in the water. (Stealth+)
You are amphibious.
You can wear up to eight rings at the same time.
You can use your tentacles to constrict eight enemies at once.
Your skin changes colour to match your surroundings (Stealth+).
Your rubbery body absorbs attacks. (AC +1, EV +1)


Message History

b - 95 stones The death yak gores you!!
Casting: Sandblast
Confirm with . or Enter, or press ? or * to list all spells.
Aiming: Stone Arrow
Press: ? - help, Shift-Dir - straight line, f/p - death yak
Aim: a death yak (severely wounded)
The stone arrow hits the death yak.
The death yak is almost dead.
The death yak gores you!
* * * LOW HITPOINT WARNING * * *
It was a potion of degeneration.
There was something very wrong with that liquid.
You feel weakened.
You feel dopey.
You feel clumsy.
The death yak gores you but does no damage.
It was a potion of might.
You feel very mighty all of a sudden. The death yak gores you!
You die...
Your body crumbles into a pile of gold.

.###g..###..####.##
....<.............#
..<[....##..####.##
####.$#.##. #.# #
#$.# .# #.# ####..#
.# #.# ....$.##.# ###
#.#### #........# #.#
#Y...#
#...)..#####'###@...#
#....)..# #...##....#
........# #.#.##....#
#####.#.###...##....#
#)#.#≈##'##≈....#
#####.#.#.≈.≈.≈.....#
......#.##..........#
#####.#.###...#######
#...# #.#.[....#


You could see a death yak.

Vanquished Creatures
  A two-headed ogre (D:8)
  Pikel (D:4)
  Maurice (D:8)
  A wyvern (D:8)
  Eustachio (D:5)
  A hungry ghost (D:8)
  A steam dragon (D:7)
  A porcupine (D:8)
  A sky beast (D:6)
  3 slaves
  An ice beast (D:8)
  An orc warrior (D:6)
  4 ogres
  4 phantoms
  A centaur (D:9)
  3 bullfrogs
  A scorpion (D:4)
  The ghost of Mirai the Skirmisher, a weakling DsFi (D:3)
  2 howler monkeys
  2 crimson imps
  2 centaur zombies (D:5)
  4 hounds
  3 jellies (D:9)
  6 orc priests
  8 orc wizards
  A centaur skeleton (D:6)
  A bullfrog skeleton (D:9)
  An iguana (D:8)
  3 worker ants
  2 hound skeletons
  3 worker ant zombies
  13 adders
  A gnoll (D:9)
  A howler monkey skeleton (D:5)
  2 river rats (D:9)
  3 shadow imps
  6 oozes
  2 worms
  2 leopard geckos
  26 orcs
  6 bats
  6 giant cockroaches
  5 goblins
  4 hobgoblins
  3 jackals (D:5)
  6 quokkas
  3 ball pythons
  6 frilled lizards
  A jackal zombie (D:5)
  7 kobolds
  A leopard gecko skeleton (D:4)
  2 quokka zombies (D:5)
  8 rats
180 creatures vanquished.

Notes
Turn   | Place    | Note
-------+----------+-------------------------------------------
     0 | D:1      | inc the Octopode Earth Elementalist began the quest for the Orb.
     0 | D:1      | Reached XP level 1. HP: 11/11 MP: 3/3
   379 | D:1      | Reached XP level 2. HP: 17/17 MP: 5/5
  1083 | D:2      | Reached XP level 3. HP: 10/21 MP: 4/6
  1508 | D:2      | Found a glowing silver altar of Zin.
  1605 | D:2      | Reached XP level 4. HP: 27/27 MP: 3/7
  1661 | D:2      | Found an ornate altar of the Wu Jian Council.
  1716 | D:3      | Noticed Mirai's ghost (weakling DsFi)
  1930 | D:3      | Reached skill level 5 in Earth Magic
  1939 | D:3      | Reached XP level 5. HP: 5/31 MP: 0/8
  2357 | D:4      | Noticed a slave
  2378 | D:4      | Killed a slave
  2396 | D:4      | Noticed a slave
  2403 | D:4      | Killed a slave
  2407 | D:4      | Noticed a phantom
  2413 | D:4      | Found Sauma's Antique Armour Boutique.
  2494 | D:4      | Killed a phantom
  2494 | D:4      | Reached XP level 6. HP: 19/36 MP: 0/9
  2519 | D:4      | Found a shadowy altar of Dithmenos.
  2599 | D:5      | Entered Level 5 of the Dungeon
  2636 | D:5      | Learned a level 3 spell: Stone Arrow
  2640 | D:5      | Learned a level 3 spell: Ozocubu's Armour
  2643 | D:5      | Noticed a phantom
  2645 | D:5      | Found a staircase to the Ecumenical Temple.
  2655 | D:5      | Killed a phantom
  2655 | D:5      | Reached skill level 1 in Charms
  2655 | D:5      | Reached skill level 1 in Ice Magic
  2662 | Temple   | Entered the Ecumenical Temple
  2683 | Temple   | Became a worshipper of Gozag Ym Sagoz the Greedy
  2847 | D:5      | Found a sacrificial altar of Ru.
  2884 | D:5      | Noticed Eustachio
  2928 | D:5      | Killed Eustachio
  2928 | D:5      | Reached XP level 7. HP: 28/42 MP: 3/10
  3161 | D:4      | Bought a buckler for 103 gold pieces
  3300 | D:4      | Reached skill level 1 in Shields
  3433 | D:4      | Noticed Pikel
  3775 | D:4      | Killed Pikel
  3775 | D:4      | Reached skill level 5 in Spellcasting
  3775 | D:4      | Reached XP level 8. HP: 27/47 MP: 10/15
  4056 | D:3      | Killed Mirai's ghost
  4932 | D:5      | Found an ornate altar of the Wu Jian Council.
  5481 | D:6      | Reached XP level 9. HP: 10/52 MP: 10/19
  5842 | D:6      | HP: 2/52 [orc priest/flail of protection (3)]
  6239 | D:6      | Found a burning altar of Makhleb.
  6301 | D:6      | Found a basalt altar of Yredelemnul.
  6448 | D:7      | Reached skill level 1 in Conjurations
  6451 | D:7      | Reached skill level 2 in Conjurations
  6754 | D:7      | Reached skill level 3 in Conjurations
  6820 | D:7      | Found a blossoming altar of Fedhas.
  6822 | D:7      | Found a shimmering altar of Xom.
  7134 | D:7      | Reached skill level 4 in Conjurations
  7425 | D:8      | Reached skill level 5 in Conjurations
  7743 | D:8      | Noticed Maurice
  7967 | D:8      | Noticed a two-headed ogre
  7972 | D:8      | Killed a two-headed ogre
  7972 | D:8      | Reached skill level 7 in Conjurations
  7972 | D:8      | Reached XP level 10. HP: 46/57 MP: 11/21
  8034 | D:8      | Reached skill level 8 in Conjurations
  8101 | D:8      | Killed Maurice
  8210 | D:8      | Reached skill level 9 in Conjurations
  8324 | D:8      | Found a sparkling altar of Nemelex Xobeh.
  8776 | D:9      | Noticed a death yak
  8916 | D:9      | Noticed azzavlup's ghost (novice HOBe)
  9400 | D:9      | Noticed a death yak
  9424 | D:9      | Slain by a death yak

Skill      XL: |  1  2  3  4  5  6  7  8  9 10 |
---------------+-------------------------------+-----
Earth Magic    | 4 5 6 |  6.8
Charms         | 2 3 |  3.0
Ice Magic      | 2 3 |  3.0
Shields        | 2 |  2.5
Spellcasting   | 5 7 |  7.7
Conjurations   | 7 9 |  9.5
Fighting       | |  0.3
Dodging        | |  2.0
Stealth        | |  2.6
Transmutations | |  1.0

Action                   |  1- 3 |  4- 6 |  7- 9 | 10-12 || total
-------------------------+-------+-------+-------+-------++-------
Melee: Unarmed           |    76 |    39 |   110 |     4 ||   229
       Constrict         |    23 |     8 |    19 |     2 ||    52
       Tentacles         |    14 |     3 |    12 |     5 ||    34
       Flail             |       |       |       |    13 ||    13
 Cast: Sandblast         |     9 |    57 |   132 |    31 ||   229
       Ozocubu's Armour  |       |       |     1 |     2 ||     3
       Stone Arrow       |       |       |    33 |    33 ||    66
Invok: Call Merchant     |       |       |       |     1 ||     1
  Use: Potion            |       |     2 |     6 |     2 ||    10
       Scroll            |       |     9 |     2 |       ||    11
 Stab: Sleeping          |    12 |     3 |     5 |       ||    20
       Distracted        |       |     1 |     1 |       ||     2
  Eat: Chunk             |     2 |     5 |       |       ||     7
       Ration            |       |       |     6 |       ||     6
Armor: Skin              |     8 |    22 |    44 |    10 ||    84
Dodge: Dodged            |    45 |    30 |    71 |    10 ||   156
Block: Buckler           |       |       |    29 |    17 ||    46
       Reflection        |       |       |       |     1 ||     1
